 Dungeon Crawl Stone Soup version 0.20.0-10-g0535bb4 (webtiles) character file.

114 Gorglomux the Sneak (level 4, 0/33 HPs)
             Began as a Vampire Assassin on June 4, 2017.
             Succumbed to a worker ant's poison
             ... on level 4 of the Dungeon.
             The game lasted 00:02:48 (2466 turns).

Gorglomux the Sneak (Vampire Assassin)              Turns: 2466, Time: 00:02:49

Health: 0/33       AC:  3    Str: 10    XL:     4   Next: 67%
Magic:  4/4        EV: 12    Int: 16    God:
Gold:   144        SH:  0    Dex: 14    Spells: 3/3 levels left

rFire    . . .     SeeInvis +   a - +2 dagger
rCold    . . .     Gourm    .   (no shield)
rNeg     + . .     Faith    .   c - +0 robe
rPois    .         Spirit   .   (no helmet)
rElec    .         Reflect  .   g - +0 cloak
rCorr    .         Harm     .   (no gloves)
MR       .....                  (no boots)
Stlth    ++++......             w - amulet of rage (curse)
Regen    0.2/turn               s - +3 ring of intelligence
MPRegen  0.1/turn               J - -2 ring of dexterity (curse)

@: lethally poisoned (0 -> -16)
A: fangs 3, see invisible, unbreathing
a: Bat Form, Evoke Berserk Rage


You were on level 4 of the Dungeon.
You were not thirsty.

You visited 1 branch of the dungeon, and saw 4 of its levels.

You collected 144 gold pieces.

Inventory:

Hand Weapons
 a - a +2 dagger (weapon)
 b - a +0 blowgun
Missiles
 e - 33 poisoned needles
 f - 2 curare-tipped needles
Armour
 c - a +0 robe (worn)
 g - a +0 cloak (worn)
Jewellery
 r - an uncursed amulet of regeneration
 s - a +3 ring of intelligence (left hand)
 w - a cursed amulet of rage (around neck)
 J - a cursed -2 ring of dexterity (right hand)
Scrolls
 t - a scroll of fear
 x - a scroll of recharging
 y - 3 scrolls of fog
 C - 2 scrolls of remove curse
 D - 2 scrolls of identify {unknown}
 F - a scroll of enchant armour {unknown}
 G - a scroll of teleportation {unknown}
 H - a scroll of blinking {unknown}
 K - a scroll of random uselessness {unknown}
Potions
 d - 17 potions of blood
 u - a potion of heal wounds {unknown}
 v - a potion of ambrosia {unknown}
 z - a potion of agility {unknown}
 A - a potion of haste {unknown}
 B - a potion of brilliance {unknown}
 E - 2 potions of flight {unknown}
 I - a potion of curing {unknown}


   Skills:
 - Level 1.7 Fighting
 + Level 4.0 Short Blades
 - Level 1.5 Throwing
 - Level 1.1 Dodging
 + Level 7.9 Stealth


You had 3 spell levels left.
You didn't know any spells.

Dungeon Overview and Level Annotations

Branches:
Dungeon (4/15)
 Temple: D:4-7

Altars:
Ashenzari
Okawaru
Qazlal


Innate Abilities, Weirdness & Mutations

You have razor-sharp teeth.
You have supernaturally acute eyesight. (SInv)
You can survive without breathing.


Message History

You shoot a poisoned needle.
The poisoned needle hits the worker ant.
The worker ant looks even sicker.
The worker ant is almost dead.
You feel sick. The worker ant bites you.
* * * LOW HITPOINT WARNING * * *
You are more poisoned.
The worker ant poisons you!
Really attack while wielding your +0 blowgun?
Okay, then.
Really attack while wielding your +0 blowgun?
Okay, then.
a - a +2 dagger (weapon)
* * * LOW HITPOINT WARNING * * *
You feel sick. The worker ant bites you!
* * * LOW HITPOINT WARNING * * *
You hit the worker ant.
You kill the worker ant!
Your Short Blades skill increases to level 4!
You die...

##...### ....$.#
......####
#..........
##.......#..
####...........
##.....(........
#......@........
...#............
#.....<.......
................
................
................
.............(..
.....$..........
................


There were no monsters in sight!

Vanquished Creatures
  A worker ant (D:4)
  2 oozes
  2 worms (D:3)
  A dart slug (D:2)
  2 leopard geckos
  2 orcs (D:3)
  2 ball pythons (D:1)
  3 giant cockroaches
  9 goblins
  7 hobgoblins
  11 jackals
  5 kobolds
  6 bats
  4 frilled lizards
  7 rats
64 creatures vanquished.

Notes
Turn   | Place    | Note
-------+----------+-------------------------------------------
     0 | D:1      | Gorglomux the Vampire Assassin began the quest for the Orb.
     0 | D:1      | Reached XP level 1. HP: 16/16 MP: 1/1
    36 | D:1      | Reached skill level 6 in Stealth
   113 | D:1      | Reached XP level 2. HP: 22/22 MP: 2/2
   571 | D:1      | Reached skill level 3 in Short Blades
   620 | D:2      | Reached XP level 3. HP: 20/27 MP: 3/3
   681 | D:2      | Reached skill level 7 in Stealth
  1414 | D:3      | Found a shattered altar of Ashenzari.
  1414 | D:3      | Found a stormy altar of Qazlal.
  1415 | D:3      | Found an iron altar of Okawaru.
  1424 | D:3      | Reached XP level 4. HP: 32/33 MP: 4/4
  2465 | D:4      | HP: 1/33 [worker ant (7)]
  2466 | D:4      | Succumbed to a worker ant's poison

Skill      XL: |  1  2  3  4 |
---------------+-------------+-----
Stealth        | 6 7 |  7.9
Short Blades   | 3 4 |  4.0
Fighting       | |  1.7
Throwing       | |  1.5
Dodging        | |  1.1

Action                   |  1- 3 |  4- 6 || total
-------------------------+-------+-------++-------
Melee: Dagger            |   123 |    55 ||   178
       Bite              |     9 |     5 ||    14
       Unarmed           |    16 |     9 ||    25
 Fire: Blowgun           |       |     7 ||     7
 Abil: End Transformatio |     1 |     1 ||     2
       Bat Form          |     1 |     1 ||     2
  Use: Scroll            |     4 |       ||     4
       Potion            |       |     6 ||     6
 Stab: Sleeping          |    12 |     9 ||    21
Armor: Robe              |    21 |     4 ||    25
Dodge: Dodged            |    79 |    14 ||    93
